 Dungeon Crawl Stone Soup version 0.32-a0-909-gc671339a80 (webtiles) character file.

Game seed: 16588471574987581654

167 GiantSquids the Shooter (level 5, -2/38 HPs)
             Began as a Coglin Hunter on Apr 6, 2024.
             Slain by a kobold
             ... wielding a +0 whip
              (4 damage)
             ... on level 3 of the Dungeon.
             The game lasted 00:02:04 (1955 turns).

GiantSquids the Shooter (Coglin Hunter)             Turns: 1955, Time: 00:02:04

Health: -2/38      AC:  3    Str: 11    XL:     5   Next: 48%
Magic:  5/5        EV: 11    Int:  9    God:
Gold:   180        SH:  0    Dex: 19    Spells: 4/4 levels left

rFire   . . .        a - +2 sling {Junzo}
rCold   . . .        d - +0 sling {Juan}
rNeg    . . .        c - +0 leather armour
rPois   .            (no helmet)
rElec   .            (no cloak)
rCorr   .            (no gloves)
SInv    .            (no boots)
Will    .....        (amulet unavailable)
Stlth   +            (ring unavailable)
HPRegen 0.26/turn    (ring unavailable)
MPRegen 0.09/turn    (no gizmo)

%: no passive effects
@: on fire, glowing, revved
A: off-hand wielding, slow wielding, warmup strikes, no jewellery
a: Invent Gizmo


You were on level 3 of the Dungeon.
You visited 1 branch of the dungeon, and saw 3 of its levels.

You collected 180 gold pieces.

Inventory:

Hand Weapons
 a - a +2 sling (weapon) {Junzo}
 d - a +0 sling (offhand) {Juan}
Armour
 c - a +0 leather armour (worn)
Scrolls
 b - a scroll of butterflies
 e - a scroll of identify {unknown}
 f - a scroll of immolation {unknown}
 g - a scroll of acquirement {unknown}
 h - a scroll of teleportation {unknown}
 n - a scroll of vulnerability {unknown}
 o - a scroll of fear {unknown}
Potions
 i - 2 potions of heal wounds {unknown}
 j - a potion of degeneration {unknown}
 k - a potion of invisibility {unknown}
 l - 3 potions of enlightenment {unknown}
 m - a potion of lignification {unknown}


   Skills:
 - Level 2.0 Fighting
 + Level 6.0 Ranged Weapons
 - Level 1.7 Dodging
 - Level 0.7 Stealth


You had 4 spell levels left.
You didn't know any spells.
Your spell library was empty.

Dungeon Overview and Level Annotations

Branches:
Dungeon (3/15)

Altars:
The Shining One


Innate Abilities, Weirdness & Mutations

You can wield a second weapon in your off-hand.
It takes a long time for you to wield or remove held weapons.
Your first few attacks do less damage.
You cannot equip rings or amulets.


Message History

The sling bullet barely misses the rat.
The liquid fire burns you! The kobold hits you with a +0 whip.
The bombardier beetle bites you but does no damage.
You shoot a sling bullet.
The sling bullet hits the bombardier beetle but does no damage.
The bombardier beetle is almost dead.
You shoot a sling bullet.
The sling bullet hits the bombardier beetle!
You kill the bombardier beetle!
The liquid fire burns you! The kobold barely misses you.
Your Ranged Weapons skill increases to level 6!
You shoot a sling bullet. The sling bullet hits the rat.
You kill the rat!
You shoot a sling bullet. The liquid fire burns you!
The kobold hits you with a +0 whip.
You shoot a sling bullet.
The sling bullet barely misses the kobold.
You shoot a sling bullet.
The sling bullet hits the kobold but does no damage.
The liquid fire burns you! The kobold hits you with a +0 whip.
* * * LOW HITPOINT WARNING * * *
You shoot a sling bullet. The sling bullet hits the kobold.
The kobold is moderately wounded.
You shoot a sling bullet.
The sling bullet closely misses the kobold.
The liquid fire burns you!
* * * LOW HITPOINT WARNING * * *
The kobold hits you but does no damage. x2
You shoot a sling bullet.
The sling bullet barely misses the kobold.
You shoot a sling bullet.
The sling bullet closely misses the kobold.
The liquid fire burns you!
* * * LOW HITPOINT WARNING * * *
The kobold hits you with a +0 whip.
You die...

#.....#......## #.#
#.##..#
....).........# #.#
#.##..##
...........#### #.#
#)###..#
...........#≈ #.)
#.# #..#
...........#≈. ##.
..# ####
...........#≈.# ≈#
## ...........#≈♣.#
♣≈#
...........#≈.#(#K≈#
...........#≈..♣@.≈#
#.....##...#≈≈≈.≈≈≈#
##########.####'####
#......# ########


You could see a kobold.

Vanquished Creatures
  A bombardier beetle (D:3)
  A hound (D:3)
  An orc wizard (D:3)
  An adder (D:2)
  A dart slug (D:2)
  2 ribbon worms
  3 orcs (D:3)
  7 ball pythons
  A bat (D:2)
  5 endoplasms (D:1)
  2 giant cockroaches (D:3)
  5 hobgoblins
  6 jackals (D:1)
  8 kobolds
  4 quokkas
  7 goblins
  8 rats
63 creatures vanquished.

Notes
Turn   | Place    | Note
-------+----------+-------------------------------------------
     0 | D:1      | GiantSquids the Coglin Hunter began the quest for the Orb.
     0 | D:1      | Reached XP level 1. HP: 16/16 MP: 1/1
   125 | D:1      | Reached skill level 4 in Ranged Weapons
   125 | D:1      | Reached XP level 2. HP: 22/22 MP: 2/2
   360 | D:1      | Reached XP level 3. HP: 27/27 MP: 3/3
   798 | D:2      | Found a glowing golden altar of the Shining One.
   866 | D:2      | Reached skill level 5 in Ranged Weapons
   866 | D:2      | Reached XP level 4. HP: 33/33 MP: 4/4
   883 | D:2      | Found a faded altar of an unknown god.
  1645 | D:3      | Reached XP level 5. HP: 38/38 MP: 5/5
  1952 | D:3      | Reached skill level 6 in Ranged Weapons
  1955 | D:3      | HP: 1/38 [burnt (6)]
  1955 | D:3      | Slain by a kobold

Illustrated notes

Levels and vault maps discovered:
D:1:      orjb1_lava_funnel, layout_basic, serial_glass, glass_columns_b,
          glass_columns_c, feat_on_display, due_unseen_surprise,
          minmay_split_cup_large
D:2:      layout_basic, basic_altar, ebering_ecumenical_altar_mist,
          nicolae_houndstooth_variations
D:3:      layout_rooms, kennysheep_generic_room_10

Skill      XL: |  1  2  3  4  5 |
---------------+----------------+-----
Ranged Weapons | 4 5 6 |  6.0
Fighting       | |  2.0
Dodging        | |  1.7
Stealth        | |  0.7

Action                     |  1- 3 |  4- 6 || total
---------------------------+-------+-------++-------
   Fire: Sling             |   156 |   126 ||   282
 Armour: Leather armour    |     6 |    18 ||    24
  Dodge: Dodged            |     9 |     8 ||    17

Table legend: (Time is in decaauts)
 A = Elapsed time spent in this place.
 B = Non-inter-level travel time spent in this place.
 C = Inter-level travel time spent in this place.
 D = Time resting spent in this place.
 E = Time spent auto-exploring this place.
 F = Levels seen in this place.
 G = Mean time per level.
                   A        B        C        D        E       F      G
               +--------+--------+--------+--------+--------+-----+--------+
         Total |   1983 |   1888 |     95 |      0 |   1610 |   3 |  661.0 |
       Dungeon |   1983 |   1888 |     95 |      0 |   1610 |   3 |  661.0 |
               +--------+--------+--------+--------+--------+-----+--------+

Top non-repeatable levels by time:
     D:2: 832 daAuts
     D:1: 707 daAuts
     D:3: 444 daAuts
